 Dungeon Crawl Stone Soup version 0.29.1-1-gd02db6906a (webtiles) character file.

Game seed: 555092473614337995

5 raph the Grave Robber (level 1, -4/13 HPs)
             Began as a Human Necromancer on Oct 11, 2022.
             Slain by a kobold
             ... wielding a +0 whip
              (8 damage)
             ... on level 1 of the Dungeon.
             The game lasted 00:00:31 (114 turns).

raph the Grave Robber (Human Necromancer)            Turns: 114, Time: 00:00:31

Health: -4/13      AC:  2    Str:  8    XL:     1   Next: 88%
Magic:  0/3        EV: 12    Int: 15    God:
Gold:   0          SH:  0    Dex: 13    Spells: 3/4 levels left

rFire   . . .      SeeInvis .   c - +0 dagger
rCold   . . .      Faith    .   (no shield)
rNeg    . . .      Spirit   .   a - +0 robe
rPois   .          Reflect  .   (no helmet)
rElec   .          Harm     .   (no cloak)
rCorr   .          Rampage  .   (no gloves)
Will    .....                   (no boots)
Stlth   ++........              (no amulet)
HPRegen 0.04/turn               (no ring)
MPRegen 0.08/turn               (no ring)

@: no status effects
A: no striking features
a: no special abilities


You were on level 1 of the Dungeon.
You visited 1 branch of the dungeon, and saw 1 of its levels.

Inventory:

Hand Weapons
 c - a +0 dagger (weapon)
Armour
 a - a +0 robe (worn)
Potions
 b - a potion of magic


   Skills:
 + Level 2.1 Dodging
 + Level 2.1 Stealth
 + Level 2.0 Spellcasting
 * Level 4.1 Necromancy


You had 3 spell levels left.
You knew the following spells:

 Your Spells              Type           Power      Damage    Failure   Level
a - Necrotise             Necr           52%        1d6       4%          1

Your spell library contained the following spells:

 Spells                   Type           Power      Damage    Failure   Level
 Vampiric Draining        Necr           13%        2d6       12%         3
 Animate Dead             Necr           13%        N/A       38%         4
 Agony                    Necr           13%        N/A       75%         5


Dungeon Overview and Level Annotations

Branches:
Dungeon (1/15)

Altars:


Message History

Aiming: Necrotise (safe; 4% risk of failure)
Press: ? - help, Q - select action Shift-Dir - straight line, f/p - goblin
Aim: a goblin, wielding a +0 dagger (ally target, chance to affect: 83%)
The goblin writhes in agony.
You kill the goblin!
The dead are walking!
The kobold hits your rat skeleton with a +0 whip.
Your rat skeleton bites the kobold but does no damage.
The kobold hits your rat skeleton with a +0 whip.
Your rat skeleton is destroyed!
You see here a +0 dagger.
c - a +0 dagger The kobold throws a stone.
The stone barely misses your goblin skeleton.
The stone closely misses you.
c - a +0 dagger (weapon)
The kobold throws a stone.
The stone hits your goblin skeleton.
The kobold throws a stone.
The stone hits your goblin skeleton.
The kobold hits your goblin skeleton with a +0 whip.
Your goblin skeleton is destroyed!
The kobold throws a stone.
The stone hits you but does no damage.
Aiming: Necrotise (safe; 4% risk of failure)
Press: ? - help, Q - select action Shift-Dir - straight line, f - kobold
Aim: a kobold, wielding a +0 whip and quivering stones (chance to affect: 83%)
The kobold barely resists.
The kobold throws a stone.
The stone hits you.
The kobold drinks a potion.
The kobold seems to grow stronger.
You miss the frilled lizard. The frilled lizard bites you.
You hit the frilled lizard.
The frilled lizard is heavily wounded.
The frilled lizard barely misses you.
You closely miss the frilled lizard.
The frilled lizard is heavily wounded.
The frilled lizard closely misses you.
You hit the frilled lizard.
You kill the frilled lizard!
You barely miss the kobold. The kobold closely misses you.
You miss the kobold. The kobold hits you with a +0 whip!
Ouch! That really hurt!
You die...

#######...#
..........#
#######.#)# #.#.##
#..#.######
#.###.....#
#..#.####....
#K#.## #
#####@#####
#.........#
#.........########
#.................
#...♣.....#.######
......8......#
###.......<..##
#.........##
#.........#


You could see a kobold (strong).

Vanquished Creatures
  A goblin (D:1)
  A frilled lizard (D:1)
  A kobold (D:1)
  2 rats (D:1)
5 creatures vanquished.

Vanquished Creatures (collateral kills)
  A ball python (D:1)
1 creature vanquished.

Grand Total: 6 creatures vanquished

Notes
Turn   | Place    | Note
-------+----------+-------------------------------------------
     0 | D:1      | raph the Human Necromancer began the quest for the Orb.
     0 | D:1      | Reached XP level 1. HP: 13/13 MP: 3/3
   114 | D:1      | Slain by a kobold

Illustrated notes

Levels and vault maps discovered:
D:1:      wander_arrival_lonely_grave, layout_loops_ring,
          shapermc_ecumenical_altar_ellora, minmay_indecisive_spiral

Action                   || total
-------------------------++-------
Melee: Dagger            ||     6
       Unarmed           ||     1
 Cast: Necrotise         ||     9
Armor: Robe              ||     3
Dodge: Dodged            ||     9
